 Dungeon Crawl Stone Soup version 0.28-a0-563-gf77a47075d (webtiles) character file.

Game seed: 17332066627529159778

92 mg7810 the Skirmisher (level 4, 0/35 HPs)
             Began as a Demonspawn Fighter on Sept 30, 2021.
             Slain by an ogre (22 damage)
             ... on level 3 of the Dungeon.
             The game lasted 00:04:44 (1901 turns).

mg7810 the Skirmisher (Demonspawn Fighter)          Turns: 1901, Time: 00:04:44

Health: 0/35       AC:  9    Str: 17    XL:     4   Next: 35%
Magic:  4/4        EV:  4    Int: 10    God:
Gold:   109        SH:  8    Dex: 12    Spells: 3/3 levels left

rFire   . . .      SeeInvis .   a - +0 war axe
rCold   . . .      Faith    .   l - +0 kite shield
rNeg    . . .      Spirit   .   f - +0 chain mail
rPois   .          Reflect  .   (no helmet)
rElec   .          Harm     .   (no cloak)
rCorr   .          Rampage  .   (no gloves)
Will    .....                   (no boots)
Stlth   ..........              (no amulet)
HPRegen 0.11/turn               (no ring)
MPRegen 0.09/turn               (no ring)

@: no status effects
A: demonic guardian 1, spiny 1
a: no special abilities


You were on level 3 of the Dungeon.
You visited 1 branch of the dungeon, and saw 3 of its levels.

You collected 109 gold pieces.

Inventory:

Hand Weapons
 a - a +0 war axe (weapon)
Missiles
 k - 17 poisoned darts (quivered)
 m - 2 boomerangs
Armour
 f - a +0 chain mail (worn)
 l - a +0 kite shield (worn)
Jewellery
 c - a +6 ring of dexterity
Wands
 n - a wand of acid (6)
Scrolls
 b - 2 scrolls of identify
 e - a scroll of amnesia {unknown}
 g - a scroll of noise {unknown}
 h - a scroll of enchant armour {unknown}
 j - a scroll of teleportation {unknown}
Potions
 d - a potion of might
 i - a potion of curing


   Skills:
 + Level 3.3 Fighting
 + Level 2.6 Axes
 * Level 0.2 Throwing
 + Level 3.1 Armour
 + Level 0.3 Dodging
 + Level 3.2 Shields
 * Level 1.2 Unarmed Combat


You had 3 spell levels left.
You didn't know any spells.
Your spell library contained the following spells:

 Spells                   Type           Power      Damage    Failure   Level
 Slow                     Hex            0%         N/A       100%        2
 Confusing Touch          Hex            0%         N/A       100%        3
 Vampiric Draining        Necr           0%         2d6       100%        3
 Summon Lightning Spire   Summ/Air       0%         N/A       100%        4
 Storm Form               Tmut/Air       0%         N/A       100%        7
 Maxwell's Capacitive Co  Air            0%         ∞         100%        8


Dungeon Overview and Level Annotations

Branches:
Dungeon (3/15)

Altars:
Qazlal


Innate Abilities, Weirdness & Mutations

A weak demonic guardian rushes to your aid.
You are partially covered in sharp spines.


Message History

The ball python hisses angrily.
A ball python is nearby!
The ball python bites you but does no damage.
You hit the ball python.
You kill the ball python!
n - a wand of acid (6)
A bat comes into view.
A bat is nearby!
The bat hits you but does no damage.
Your shield prevents you from hitting the bat.
The bat barely misses you. The bat is struck by your spines.
The bat hits you but does no damage. x2
The bat is struck by your spines.
You kill the bat!
You see here a bat corpse.
An ogre comes into view. It is wielding a +0 giant club.
The ogre shouts!
Throw: 19 darts (poison)
Press: ? - help, Q - select action, (/) - cycle Shift-Dir - straight line, f - ogre
Aim: an ogre, wielding a +0 giant club (71% to hit)
You throw a poisoned dart. The poisoned dart hits the ogre.
The ogre is poisoned.
Throw: 18 darts (poison)
Press: ? - help, Q - select action, (/) - cycle Shift-Dir - straight line, f/p - ogre
Aim: an ogre, wielding a +0 giant club (poisoned, 72% to hit)
You throw a poisoned dart. The poisoned dart hits the ogre.
You hit the ogre.
The ogre is moderately wounded.
The ogre hits you with a +0 giant club!
You hit the ogre.
The ogre is moderately wounded.
The ogre barely misses you.
You closely miss the ogre.
The ogre is heavily wounded.
The ogre looks more healthy.
You block the ogre's attack. x2
You slash the ogre!
The ogre is almost dead.
The ogre hits you with a +0 giant club!!
Ouch! That really hurt!
You die...

### #.. #.# #.# #.# #.#
#####################.#####
#.....(.(O@..†.............
#.###.##########.##########
... #.# # ###. #.# # #O ..#
# .. ### # .. ## .# . ##


You could see an ogre.

Vanquished Creatures
  An iguana (D:2)
  An adder (D:2)
  A dart slug (D:3)
  7 ball pythons
  8 bats
  2 endoplasms
  A giant cockroach (D:1)
  11 hobgoblins
  2 jackals (D:2)
  5 kobolds
  A quokka (D:2)
  4 frilled lizards
  3 goblins
  4 rats
  A spectral kobold (D:1)
52 creatures vanquished.

Notes
Turn   | Place    | Note
-------+----------+-------------------------------------------
     0 | D:1      | mg7810 the Demonspawn Fighter began the quest for the Orb.
     0 | D:1      | Reached XP level 1. HP: 18/18 MP: 1/1
   356 | D:1      | Gained mutation: You are partially covered in sharp spines.
                  | [demonic ancestry]
   356 | D:1      | Reached XP level 2. HP: 16/24 MP: 2/2
   829 | D:1      | Found a faded altar of an unknown god.
  1099 | D:2      | Reached skill level 1 in Unarmed Combat
  1099 | D:2      | Reached XP level 3. HP: 21/29 MP: 3/3
  1462 | D:2      | Gained mutation: A weak demonic guardian rushes to your
                  | aid. [demonic ancestry]
  1462 | D:2      | Reached XP level 4. HP: 30/35 MP: 4/4
  1712 | D:2      | Found a stormy altar of Qazlal.
  1891 | D:3      | Noticed an ogre
  1901 | D:3      | Slain by an ogre

Illustrated notes

Levels and vault maps discovered:
D:1:      onia_arrival_pentagram, layout_loops_ring,
          dreamdust_ecumenical_altar_drowned_temple,
          chequers_serial_rivers_small_3, minivault_5
D:2:      cheibrodos_greedy_goblins, layout_basic, basic_altar,
          minmay_crystal_room
D:3:      layout_loops_ring, lemuel_flame_loot_1, uniq_natasha, uniq_jessica

Skill      XL: |  1  2 |
---------------+-------+-----
Axes           | 2 |  2.6
Armour         | 3 |  3.1
Shields        | 3 |  3.2
Unarmed Combat | 1 |  1.2
Fighting       | |  3.3
Throwing       | |  0.2
Dodging        | |  0.3

Action                   |  1- 3 |  4- 6 || total
-------------------------+-------+-------++-------
Melee: War axe           |    60 |    25 ||    85
Throw: Dart              |       |     2 ||     2
  Use: Scroll            |     1 |       ||     1
Armor: Scale mail        |     8 |       ||     8
       Chain mail        |    37 |    23 ||    60
Dodge: Dodged            |    19 |     4 ||    23
Block: Buckler           |     9 |       ||     9
       Kite shield       |    13 |    14 ||    27

Table legend: (Time is in decaauts)
 A = Elapsed time spent in this place.
 B = Non-inter-level travel time spent in this place.
 C = Inter-level travel time spent in this place.
 D = Time resting spent in this place.
 E = Time spent auto-exploring this place.
 F = Levels seen in this place.
 G = Mean time per level.
                   A        B        C        D        E       F      G
               +--------+--------+--------+--------+--------+-----+--------+
         Total |   1952 |   1896 |     56 |      0 |   1475 |   3 |  650.7 |
       Dungeon |   1952 |   1896 |     56 |      0 |   1475 |   3 |  650.7 |
               +--------+--------+--------+--------+--------+-----+--------+

Top non-repeatable levels by time:
     D:1: 1036 daAuts
     D:2: 823 daAuts
     D:3: 92 daAuts
